 Dungeon Crawl Stone Soup version 0.18-a0-1179-g120c792 (webtiles) character file.

1906 Minkie the Grappler (level 8, -2/80 HPs)
             Began as a Troll Monk on Jan 27, 2016.
             Slain by an unseen horror (8 damage)
             ... on level 6 of the Dungeon.
             The game lasted 00:13:52 (3997 turns).

Minkie the Grappler (Troll Monk)                    Turns: 3997, Time: 00:13:53

Health: -2/80      AC:  6    Str: 20    XL:     8   Next: 94%
Magic:  7/7        EV: 12    Int:  7    God:
Gold:   291        SH:  0    Dex: 13    Spells: 0 memorised, 7 levels left

rFire  . . .     SeeInvis .       - Unarmed
rCold  . . .     Gourm    +     a - +0 robe
rNeg   . . .     Faith    .     (no shield)
rPois  .         Spirit   .     (helmet restricted)
rElec  .         Dismiss  .     u - +0 cloak
rCorr  .         Reflect  .     (gloves unavailable)
SustAt .         Harm     .     (boots unavailable)
MR     .....     Rnd*Tele +     (no amulet)
Stlth  +.........               x - +4 ring of slaying
                                h - ring of teleportation (curse)

@: not resistant to hostile enchantments, very unstealthy
A: unfitting armour, claws 3, fast metabolism 3, gourmand, regeneration 2,
shaggy fur 1, tough skin 2
a: no special abilities


You were on level 6 of the Dungeon.
You were completely stuffed.

You visited 1 branch of the dungeon, and saw 6 of its levels.

You collected 291 gold pieces.

Inventory:

Armour
 a - a +0 robe (worn)
 u - a +0 cloak (worn)
Magical Staves
 E - an uncursed staff of death {unknown}
Jewellery
 h - a cursed ring of teleportation (left claw)
 l - a +2 ring of strength
 t - an uncursed ring of sustain attributes
 x - a +4 ring of slaying (right claw)
Wands
 n - a wand of frost (30/48)
 p - a wand of frost (28/48)
 s - a wand of slowing (22/48)
 y - a wand of slowing (37/48)
 B - a wand of random effects (32/48)
 C - a wand of polymorph (6/24)
 F - a wand of random effects (25/48)
Scrolls
 g - a scroll of random uselessness {unknown}
 j - 3 scrolls of remove curse {unknown}
 k - 2 scrolls of fear {unknown}
 m - 4 scrolls of identify {unknown}
 o - 2 scrolls of noise {unknown}
 q - a scroll of amnesia {unknown}
 r - a scroll of fog {unknown}
 v - 2 scrolls of blinking {unknown}
 w - a scroll of teleportation {unknown}
Potions
 c - 4 potions of curing {unknown}
 e - a potion of resistance {unknown}
 f - 3 potions of mutation {unknown}
 i - 2 potions of agility {unknown}
 D - a potion of magic {unknown}
 G - a potion of lignification {unknown}
Comestibles
 b - 5 bread rations
 d - 7 fruits
 z - a meat ration
 A - 3 chunks of flesh


   Skills:
 + Level 5.3 Fighting
 + Level 5.4 Dodging
 - Level 1.1 Stealth
 * Level 9.3 Unarmed Combat


You had 7 spell levels left.
You didn't know any spells.

Dungeon Overview and Level Annotations

Branches:
Dungeon (6/15)
 Temple: D:4-7

Altars:
Cheibriados
Dithmenos
Elyvilon
Okawaru
Pakellas
Ru
Trog
Yredelemnul
Zin
The Shining One

Shops:
D:4 [


Innate Abilities, Weirdness & Mutations

You are too large for most types of armour.
You have claws for hands.
Your metabolism is lightning-fast.
You like to eat raw meat.
You heal very quickly.
You are covered in fur (AC +1).
You have very tough skin (AC +2).


Message History

Something hits you.
You see here a piece from Xom's chessboard.
Something barely misses you.
You see here 20 gold pieces.
Something hits you!
* * * LOW HITPOINT WARNING * * *
There is an open door, spattered with blood here.
Something hits you but does no damage. Something hits you.
* * * LOW HITPOINT WARNING * * *
Something hits you.
* * * LOW HITPOINT WARNING * * *
There is an open door, spattered with blood here.
Something hits you!
* * * LOW HITPOINT WARNING * * *
Something hits you.
* * * LOW HITPOINT WARNING * * *
Something completely misses you. Something hits you!
You die...

##+#
#......#..#...(..#
....
#####..#..#..#####
....
#......#..#......#
....+
#......#..#......#
....#
#..#####..#####..#
.... #......#..#
..# ..##
#......#..# S#
r.### #####..#..#
# ..... #%.[#@.# #
..... #?}$#..#
..... #$.$'..#
..... ########
.###. .######
..#...+ .#...# #
#..##


There were no monsters in sight!

Vanquished Creatures
  The ghost of Minkie the Ruffian, a novice DrTm (D:5)
  Menkaure (D:5)
  A phantom (D:5)
  A sky beast (D:6)
  3 ogres
  A centaur (D:6)
  3 giant frogs
  A scorpion (D:5)
  A crimson imp (D:6)
  2 giant frog zombies (D:5)
  An orc wizard (D:3)
  2 hounds (D:4)
  2 jellies
  A centaur skeleton (D:6)
  3 iguanas
  2 worker ants
  A hound zombie (D:5)
  3 hound skeletons
  A worker ant zombie (D:5)
  Robin (D:3)
  A gnoll (D:1)
  10 adders
  2 shadow imps (D:6)
  An adder zombie (D:5)
  An adder skeleton (D:5)
  3 worms
  3 giant geckos
  14 orcs
  4 giant cockroaches
  20 goblins
  8 hobgoblins
  11 jackals
  9 kobolds
  2 quokkas
  5 bats
  A giant cockroach zombie (D:5)
  5 giant newts
  A quokka zombie (D:5)
  6 rats
139 creatures vanquished.

Notes
Turn   | Place    | Note
--------------------------------------------------------------
     0 | D:1      | Minkie the Troll Monk began the quest for the Orb.
     0 | D:1      | Reached XP level 1. HP: 22/22 MP: 0/0
   203 | D:1      | Reached XP level 2. HP: 29/29 MP: 1/1
   536 | D:1      | Reached XP level 3. HP: 36/36 MP: 2/2
   672 | D:2      | Found a sacrificial altar of Ru.
  1130 | D:2      | Found a glowing golden altar of the Shining One.
  1553 | D:3      | Reached XP level 4. HP: 41/44 MP: 3/3
  1556 | D:3      | Reached skill level 5 in Unarmed Combat
  1614 | D:3      | Found a white marble altar of Elyvilon.
  1614 | D:3      | Noticed Robin
  1618 | D:3      | Found a sacrificial altar of Ru.
  1650 | D:3      | Found a basalt altar of Yredelemnul.
  1652 | D:3      | Found a glowing silver altar of Zin.
  1714 | D:3      | Reached XP level 5. HP: 45/53 MP: 4/4
  1811 | D:3      | Found a snail-covered altar of Cheibriados.
  2197 | D:4      | Reached skill level 6 in Unarmed Combat
  2197 | D:4      | Reached XP level 6. HP: 59/61 MP: 5/5
  2341 | D:4      | Found a bloodstained altar of Trog.
  2342 | D:4      | Found an iron altar of Okawaru.
  2426 | D:4      | Found Ukall's Antique Armour Shoppe.
  2566 | D:5      | Entered Level 5 of the Dungeon
  2729 | D:3      | Killed Robin
  2729 | D:3      | Reached XP level 7. HP: 68/68 MP: 6/6
  2836 | D:5      | Found a shadowy altar of Dithmenos.
  2848 | D:5      | Noticed Menkaure
  2851 | D:5      | Killed Menkaure
  2851 | D:5      | Reached skill level 7 in Unarmed Combat
  3086 | D:5      | Reached XP level 8. HP: 61/79 MP: 7/7
  3179 | D:5      | Noticed Minkie's ghost (novice DrTm)
  3193 | D:5      | Killed Minkie's ghost
  3193 | D:5      | Reached skill level 8 in Unarmed Combat
  3545 | D:6      | Found an oddly glowing altar of Pakellas.
  3595 | D:6      | Reached skill level 5 in Dodging
  3764 | D:6      | Reached skill level 5 in Fighting
  3852 | D:6      | Reached skill level 9 in Unarmed Combat
  3997 | D:6      | Slain by an unseen horror

Vault maps used:
D:1:      nagdon_arrival_double_spiral
D:2:      tso_altar, nicolae_ru_awakened_eye
D:3:      cheibriados_altar_wand_db, nicolae_overflow_hidden_temple,
          minmay_ruptured, uniq_robin
D:4:      grunt_temple_overflow_bloody_war, first_bread, serial_shops,
          nicolae_shop_overgrown_old_shop
D:5:      nicolae_dithmenos_shadow_blocks, serial_undead, serial_undead_a,
          serial_undead_c, serial_undead_b, serial_undead_a, uniq_menkaure
D:6:      kennysheep_windowed_halls, grunt_pakellas_basics

Action                   |  1- 3 |  4- 6 |  7- 9 || total
-------------------------+-------+-------+-------++-------
Melee: Unarmed           |    93 |   140 |   123 ||   356
 Stab: Sleeping          |     3 |     1 |     5 ||     9
  Eat: Chunk             |    19 |    11 |    12 ||    42
